3L
ECHO PARK LAKERS @ KINGSTON TOWNSHIP KNIGHTS
06/13/2038
 
TOP OF THE 1ST
Echo Park Lakers batting - Pitching for Kingston Township Knights : LHP Chase Sims
Pitching: LHP Chase Sims
Batting: RHB Kyu-cheol Kye 0-0: Ball
1-0: Ball
2-0: Ball
3-0: Base on Balls
Batting: RHB Ryoma Yamamoto 0-0: Ball
1-0: Called Strike
1-1: Swinging Strike
1-2: Ball
2-2: Foul Ball, location: 2F
2-2: Strikes out swinging
Batting: RHB Komotay Koffie 0-0: Ball
1-0: Called Strike
1-1: Called Strike
1-2: SINGLE (Flyball, 78M, EV 88.8 MPH)
Kyu-cheol Kye to second
Batting: RHB Angeddy Almanzar 0-0: Ball
1-0: Ball
2-0: Ball
3-0: Called Strike
3-1: Base on Balls
Kyu-cheol Kye to third
Komotay Koffie to second
Batting: RHB Phil Gillespie 0-0: Ball
1-0: Ball
2-0: Foul Ball, location: 2F
2-1: Ball
3-1: Base on Balls
Kyu-cheol Kye scores
Komotay Koffie to third
Angeddy Almanzar to second
Batting: LHB Rich Watkins 0-0: Fielders Choice at 2nd, 4-6 (Groundball, 4, EV 83.1 MPH)
Komotay Koffie scores
Angeddy Almanzar to third
Batting: RHB Felipe Campos 0-0: Ball
1-0: Called Strike
1-1: Ball
2-1: Ball
3-1: Base on Balls
Rich Watkins to second
Batting: LHB Wu-shun Chu 0-0: Called Strike
0-1: SINGLE (Groundball, 4S, EV 66.9 MPH) (infield hit)
Angeddy Almanzar scores
Rich Watkins to third
Felipe Campos to second
Batting: LHB Abraham Koen 0-0: Ball
1-0: Swinging Strike
1-1: Ball
2-1: SINGLE (Line Drive, 56D, EV 97.5 MPH)
Rich Watkins scores
Felipe Campos to third
Wu-shun Chu to second
Runner from 3rd tries for Home, SAFE, no throw by LF
Batting: RHB Kyu-cheol Kye 0-0: Ball
Wild Pitch!
Wu-shun Chu to third
Abraham Koen to second
1-0: Foul Ball, location: 2F
1-1: Swinging Strike
1-2: Foul Ball, location: 2F
1-2: Ball
Wild Pitch!
Wu-shun Chu scores
Abraham Koen to third
2-2: Strikes out looking
Top of the 1st over - 6 runs, 3 hits, 0 errors, 1 left on base; Echo Park 6 - Kingston Township 0
BOTTOM OF THE 1ST
Kingston Township Knights batting - Pitching for Echo Park Lakers : RHP Wop Baars
Pitching: RHP Wop Baars
Batting: RHB Ron Bernard 0-0: DOUBLE (Flyball, 89XD, EV 108.8 MPH)
Batting: RHB Khal Drogo 0-0: Called Strike
0-1: Ball
1-1: Foul Ball, location: 2F
1-2: Ball
2-2: Foul Ball, location: 2F
2-2: Foul Ball, location: 2F
2-2: DOUBLE (Flyball, 8RXD, EV 95.0 MPH)
Ron Bernard scores
Batting: LHB Ed Mellor 0-0: Foul Ball, location: 2F
0-1: Fly out, F4 (Line Drive, 4, EV 68.8 MPH)
Batting: RHB Holden Ford 0-0: Swinging Strike
0-1: Fly out, F8 (Flyball, 8RM, EV 91.2 MPH)
Batting: RHB Takenao Wakabayashi 0-0: Ball
1-0: Ball
2-0: Ball
3-0: Called Strike
3-1: Base on Balls
Batting: RHB Alfredo Cardenas 0-0: Called Strike
0-1: Ball
1-1: Foul Ball, location: 2F
1-2: Fly out, F9 (Flyball, 9S, EV 90.0 MPH)
Bottom of the 1st over - 1 run, 2 hits, 0 errors, 2 left on base; Echo Park 6 - Kingston Township 1
TOP OF THE 2ND
Echo Park Lakers batting - Pitching for Kingston Township Knights : LHP Chase Sims
Batting: RHB Ryoma Yamamoto 0-0: Ball
1-0: Swinging Strike
1-1: Ball
2-1: Ball
3-1: Foul Ball, location: 2F
3-2: Base on Balls
Batting: RHB Komotay Koffie 0-0: Ball
1-0: Called Strike
1-1: Fly out, F7 (Flyball, 78S, EV 75.0 MPH)
Batting: RHB Angeddy Almanzar 0-0: Fly out, F9 (Flyball, 9S, EV 88.1 MPH)
Batting: RHB Phil Gillespie 0-0: Called Strike
0-1: Foul Ball, location: 2F
0-2: Ball
1-2: Ball
2-2: Fielders Choice at 2nd, 6-4 (Groundball, 6, EV 100.0 MPH)
Top of the 2nd over - 0 runs, 0 hits, 0 errors, 1 left on base; Echo Park 6 - Kingston Township 1
BOTTOM OF THE 2ND
Kingston Township Knights batting - Pitching for Echo Park Lakers : RHP Wop Baars
Batting: RHB Daniel Maldonado 0-0: Foul Ball, location: 2F
0-1: Foul Ball, location: 2F
0-2: Fly out, F9 (Flyball, 9, EV 89.4 MPH)
Batting: RHB Glenn Curtis 0-0: Foul Ball, location: 2F
0-1: Called Strike
0-2: Ball
1-2: Strikes out swinging
Batting: LHB Marc Ben 0-0: Ball
1-0: Ball
2-0: Ball
3-0: Called Strike
3-1: TRIPLE (Flyball, 89XD, EV 88.1 MPH)
Batting: RHB Ron Bernard 0-0: Called Strike
0-1: Ground out U3 (Groundball, 3, EV 108.1 MPH)
Bottom of the 2nd over - 0 runs, 1 hit, 0 errors, 1 left on base; Echo Park 6 - Kingston Township 1
TOP OF THE 3RD
Echo Park Lakers batting - Pitching for Kingston Township Knights : LHP Chase Sims
Batting: LHB Rich Watkins 0-0: Called Strike
0-1: Ground out 4-3 (Groundball, 34D, EV 100.6 MPH)
Batting: RHB Felipe Campos 0-0: Ball
1-0: Ball
2-0: Ground out 4-3 (Groundball, 4, EV 82.5 MPH)
Batting: LHB Wu-shun Chu 0-0: Ball
1-0: Ball
2-0: Reached on error, E1 (Groundball, 15S, EV 70.6 MPH)
Batting: LHB Abraham Koen 0-0: Called Strike
0-1: Foul Ball, location: 2F
0-2: Ball
1-2: Strikes out swinging
Top of the 3rd over - 0 runs, 0 hits, 1 error, 1 left on base; Echo Park 6 - Kingston Township 1
BOTTOM OF THE 3RD
Kingston Township Knights batting - Pitching for Echo Park Lakers : RHP Wop Baars
Batting: RHB Khal Drogo 0-0: Called Strike
0-1: Ball
1-1: Ball
2-1: Ball
3-1: Foul Ball, location: 2F
3-2: Ground out 5-3 (Groundball, 5, EV 90.0 MPH)
Batting: LHB Ed Mellor 0-0: SINGLE (Line Drive, 89S, EV 105.6 MPH)
Batting: RHB Holden Ford 0-0: Ball
1-0: Swinging Strike
1-1: Ball
2-1: Called Strike
2-2: Ball
3-2: Foul Ball, location: 2F
3-2: Base on Balls
Ed Mellor to second
Batting: RHB Takenao Wakabayashi 0-0: Called Strike
0-1: Ball
1-1: Called Strike
1-2: 3-RUN HOME RUN (Flyball, 7LD, EV 95.0 MPH), Distance : 353 ft
Batting: RHB Alfredo Cardenas 0-0: Called Strike
0-1: Ball
1-1: Called Strike
1-2: Foul Ball, location: 2F
1-2: Ball
2-2: Foul Ball, location: 2F
2-2: Ball
3-2: Strikes out looking
Batting: RHB Daniel Maldonado 0-0: Ground out 6-3 (Groundball, 6, EV 83.1 MPH)
Bottom of the 3rd over - 3 runs, 2 hits, 0 errors, 0 left on base; Echo Park 6 - Kingston Township 4
TOP OF THE 4TH
Echo Park Lakers batting - Pitching for Kingston Township Knights : LHP Chase Sims
Batting: RHB Kyu-cheol Kye 0-0: Foul Ball, location: 2F
0-1: Swinging Strike
0-2: Ground out 5-3 (Groundball, 56, EV 90.6 MPH)
Batting: RHB Ryoma Yamamoto 0-0: Called Strike
0-1: Ball
1-1: Ball
2-1: Ball
3-1: Base on Balls
Batting: RHB Komotay Koffie 0-0: Called Strike
0-1: Ball
1-1: Foul Ball, location: 2F
1-2: Ball
2-2: Foul Ball, location: 2F
2-2: Strikes out swinging
Batting: RHB Angeddy Almanzar 0-0: Called Strike
0-1: Ball
1-1: Ground out 1-3 (Groundball, 13, EV 86.9 MPH)
Top of the 4th over - 0 runs, 0 hits, 0 errors, 1 left on base; Echo Park 6 - Kingston Township 4
BOTTOM OF THE 4TH
Kingston Township Knights batting - Pitching for Echo Park Lakers : RHP Wop Baars
Batting: RHB Glenn Curtis 0-0: Fly out, F5 (Line Drive, 5, EV 70.6 MPH)
Batting: LHB Marc Ben 0-0: Ground out 4-3 (Groundball, 4, EV 96.9 MPH)
Batting: RHB Ron Bernard 0-0: Foul Ball, location: 2F
0-1: Ball
1-1: SINGLE (Groundball, 6MD, EV 94.4 MPH)
Batting: RHB Khal Drogo 0-0: Ball
1-0: Called Strike
1-1: Ball
2-1: Foul Ball, location: 2F
2-2: Ball
3-2: SINGLE (Groundball, 6D, EV 95.0 MPH)
Ron Bernard to second
Ron Bernard to third
Batting: LHB Ed Mellor 0-0: Ball
1-0: Ground out 1-3 (Groundball, 15, EV 85.0 MPH)
Bottom of the 4th over - 0 runs, 2 hits, 0 errors, 2 left on base; Echo Park 6 - Kingston Township 4
TOP OF THE 5TH
Echo Park Lakers batting - Pitching for Kingston Township Knights : LHP Chase Sims
Batting: RHB Phil Gillespie 0-0: Foul Ball, location: 2F
0-1: Ball
1-1: SINGLE (Groundball, 6MD, EV 96.9 MPH)
Batting: LHB Rich Watkins 0-0: Bunted foul
0-1: Sac Bunt to 2L - play at first, batter OUT! 2-4
Phil Gillespie to second
Batting: RHB Felipe Campos 0-0: Ball
1-0: Foul Ball, location: 2F
1-1: Ball
2-1: Ball
3-1: Base on Balls
Batting: LHB Wu-shun Chu 0-0: SINGLE (Line Drive, 4D, EV 101.2 MPH)
Phil Gillespie to third
Felipe Campos to second
Batting: LHB Abraham Koen 0-0: Foul Ball, location: 2F
0-1: Called Strike
0-2: Ball
1-2: Ball
2-2: Foul Ball, location: 2F
2-2: Foul Ball, location: 2F
2-2: Strikes out looking
Batting: RHB Kyu-cheol Kye 0-0: Called Strike
0-1: Foul Ball, location: 2F
0-2: Ball
1-2: GRAND SLAM HOME RUN (Flyball, 7D, EV 95.6 MPH), Distance : 412 ft
Pitching: RHP Mitchell Atwell
Batting: RHB Ryoma Yamamoto 0-0: Ball
1-0: Ball
2-0: Called Strike
2-1: Ball
3-1: Foul Ball, location: 2F
3-2: Strikes out swinging
Top of the 5th over - 4 runs, 3 hits, 0 errors, 0 left on base; Echo Park 10 - Kingston Township 4
BOTTOM OF THE 5TH
Kingston Township Knights batting - Pitching for Echo Park Lakers : RHP Wop Baars
Batting: RHB Holden Ford 0-0: Ball
1-0: Foul Ball, location: 2F
1-1: Ball
2-1: Ground out 6-3 (Groundball, 6, EV 81.2 MPH)
Batting: RHB Takenao Wakabayashi 0-0: Fly out, F7 (Flyball, 7D, EV 86.2 MPH)
Batting: RHB Alfredo Cardenas 0-0: Called Strike
0-1: Ball
1-1: Fly out, F5 (Popup, 56S, EV 76.9 MPH)
Bottom of the 5th over - 0 runs, 0 hits, 0 errors, 0 left on base; Echo Park 10 - Kingston Township 4
TOP OF THE 6TH
Echo Park Lakers batting - Pitching for Kingston Township Knights : RHP Mitchell Atwell
Batting: RHB Komotay Koffie 0-0: Ball
1-0: Called Strike
1-1: Called Strike
1-2: Strikes out swinging
Batting: RHB Angeddy Almanzar 0-0: Ball
1-0: Called Strike
1-1: SINGLE (Line Drive, 7LS, EV 90.6 MPH)
Batting: RHB Phil Gillespie 0-0: Ball
1-0: Grounds into double play, 4-6-3 (Groundball, 4, EV 78.8 MPH)
Top of the 6th over - 0 runs, 1 hit, 0 errors, 0 left on base; Echo Park 10 - Kingston Township 4
BOTTOM OF THE 6TH
Kingston Township Knights batting - Pitching for Echo Park Lakers : RHP Wop Baars
Batting: RHB Daniel Maldonado 0-0: Foul Ball, location: 2F
0-1: Foul Ball, location: 2F
0-2: Foul Ball, location: 2F
0-2: Ground out 3-1 (Groundball, 34, EV 104.4 MPH)
Batting: RHB Glenn Curtis 0-0: Called Strike
0-1: Ball
1-1: Foul Ball, location: 2F
1-2: Ground out 1-3 (Groundball, 25, EV 88.1 MPH)
Batting: LHB Marc Ben 0-0: Called Strike
0-1: Called Strike
0-2: Ball
1-2: Foul Ball, location: 2F
1-2: Ground out 6-3 (Groundball, 6M, EV 91.2 MPH)
Bottom of the 6th over - 0 runs, 0 hits, 0 errors, 0 left on base; Echo Park 10 - Kingston Township 4
TOP OF THE 7TH
Echo Park Lakers batting - Pitching for Kingston Township Knights : RHP Mitchell Atwell
Batting: LHB Rich Watkins 0-0: Fly out, F3 (Popup, 23F, EV 82.5 MPH)
Batting: RHB Felipe Campos 0-0: Ball
1-0: Ball
2-0: Ball
3-0: Called Strike
3-1: Swinging Strike
3-2: Fly out, F8 (Line Drive, 8RM, EV 93.8 MPH)
Batting: LHB Wu-shun Chu 0-0: Ball
1-0: SINGLE (Groundball, 34D, EV 96.9 MPH)
Batting: LHB Abraham Koen 0-0: Ball
1-0: DOUBLE (Line Drive, 9LM, EV 95.6 MPH)
Wu-shun Chu to third
Batting: RHB Kyu-cheol Kye 0-0: Ball
1-0: Ball
2-0: Swinging Strike
2-1: Called Strike
2-2: Ground out 5-3 (Groundball, 56S, EV 86.2 MPH)
Top of the 7th over - 0 runs, 2 hits, 0 errors, 2 left on base; Echo Park 10 - Kingston Township 4
BOTTOM OF THE 7TH
Kingston Township Knights batting - Pitching for Echo Park Lakers : RHP Wop Baars
Batting: RHB Ron Bernard 0-0: Ball
1-0: Foul Ball, location: 2F
1-1: Ball
2-1: Ground out 5-3 (Groundball, 5, EV 77.5 MPH)
Batting: RHB Khal Drogo 0-0: Ball
1-0: Foul Ball, location: 2F
1-1: Fly out, F8 (Flyball, 8LS, EV 84.4 MPH)
Batting: LHB Ed Mellor 0-0: Ball
1-0: Called Strike
1-1: Ball
2-1: Fly out, F5 (Popup, 56, EV 66.2 MPH)
Bottom of the 7th over - 0 runs, 0 hits, 0 errors, 0 left on base; Echo Park 10 - Kingston Township 4
TOP OF THE 8TH
Echo Park Lakers batting - Pitching for Kingston Township Knights : RHP Mitchell Atwell
Batting: RHB Ryoma Yamamoto 0-0: Called Strike
0-1: Foul Ball, location: 2F
0-2: Ball
1-2: Ball
2-2: Strikes out swinging
Batting: RHB Komotay Koffie 0-0: Called Strike
0-1: Foul Ball, location: 2F
0-2: Strikes out swinging
Batting: RHB Angeddy Almanzar 0-0: Foul Ball, location: 2F
0-1: Called Strike
0-2: Ball
1-2: Foul Ball, location: 2F
1-2: Ball
2-2: Strikes out swinging
Top of the 8th over - 0 runs, 0 hits, 0 errors, 0 left on base; Echo Park 10 - Kingston Township 4
BOTTOM OF THE 8TH
Kingston Township Knights batting - Pitching for Echo Park Lakers : RHP Wop Baars
Batting: RHB Holden Ford 0-0: Fly out, F5 (Popup, 56S, EV 77.5 MPH)
Batting: RHB Takenao Wakabayashi 0-0: Called Strike
0-1: Ground out 4-3 (Groundball, 4S, EV 70.6 MPH)
Batting: RHB Alfredo Cardenas 0-0: Foul Ball, location: 2F
0-1: Foul Ball, location: 2F
0-2: Ball
1-2: Strikes out swinging
Bottom of the 8th over - 0 runs, 0 hits, 0 errors, 0 left on base; Echo Park 10 - Kingston Township 4
TOP OF THE 9TH
Echo Park Lakers batting - Pitching for Kingston Township Knights : RHP Mitchell Atwell
Pitching: LHP Pete Rhue
Batting: RHB Phil Gillespie 0-0: Ball
1-0: Called Strike
1-1: Called Strike
1-2: Foul Ball, location: 2F
1-2: Strikes out looking
Batting: LHB Rich Watkins 0-0: Ball
1-0: Swinging Strike
1-1: Swinging Strike
1-2: Ball
2-2: Strikes out swinging
Batting: RHB Felipe Campos 0-0: Foul Ball, location: 2F
0-1: Foul Ball, location: 2F
0-2: Strikes out swinging
Top of the 9th over - 0 runs, 0 hits, 0 errors, 0 left on base; Echo Park 10 - Kingston Township 4
BOTTOM OF THE 9TH
Kingston Township Knights batting - Pitching for Echo Park Lakers : RHP Wop Baars
Pitching: RHP Corbin Holling
Batting: RHB Daniel Maldonado 0-0: Called Strike
0-1: Ball
1-1: Swinging Strike
1-2: Ball
2-2: Ground out 1-3 (Groundball, 34S, EV 76.9 MPH)
Batting: RHB Glenn Curtis 0-0: Called Strike
0-1: Ball
1-1: Ground out 6-3 (Groundball, 6, EV 109.4 MPH)
Batting: LHB Marc Ben 0-0: Ball
1-0: Swinging Strike
1-1: Fly out, F8 (Flyball, 8RD, EV 99.4 MPH)
Bottom of the 9th over - 0 runs, 0 hits, 0 errors, 0 left on base; Echo Park 10 - Kingston Township 4
Friday, April 17th, 2020 - OOTP Baseball 20.8 Build 74